AoeStats
← TheQuietRiot

Arena

506740125Analyzed
1v1 RM · 17d ago on Sep 14, 2026· 32m 58s· 2 players
Game mode
Random Map
Map size
Tiny (2 player)
Population
200
Speed
Normal
Resources
Standard
Victory
Conquest
Starting age
Dark Age
Ending age
Imperial Age
RankedLock teamsTeams togetherTeam positionsShared explorationLock speedFull tech treeHidden civsTurbo modeCheats
Victory
Defeat
🇹🇳 Bengalis · Tunisia
925
+17
🇬🇧 Teutons · United Kingdom
954
-17
AuraCollector
10:57 Feudal Age
9:15 Loom
12:35 Double-Bit Axe
15:15 Castle Age
13:06 Horse Collar
17:29 Bow Saw
18:11 Gold Mining
19:18 Wheelbarrow
19:59 Fletching
23:39 Hand Cart
24:04 Bodkin Arrow
28:51 Imperial Age
26:08 Town Watch
28:01 Light Cavalry
29:32 Redemption
29:50 Guilds
30:11 Bloodlines
30:25 Scale Barding Armor
33:08 Two-Man Saw
32:10 Heavy Plow
32:47 Husbandry
33:27 Chain Barding Armor
33:32 Forging
TheQuietRiot
9:49 Feudal Age
10:18 Double-Bit Axe
10:16 Horse Collar
14:43 Loom
17:21 Castle Age
15:21 Stone Mining
19:31 Gold Mining
23:43 Wheelbarrow
23:20 Heavy Plow
32:34 Imperial Age
32:42 Hand Cart
34:23 Chemistry
33:29 Siege Engineers
Connection lost

Rejoining the realm…

Still unreachable

The connection could not be restored.

Session expired

The server has moved on; the page needs a fresh start.